Map: Cerulean Fall LE

Players

lIIllllIIlll (INnoVation) - Winner!

  • Race: Terran Terran
  • League: Master
  • Spawn Location: 7:00

Denver

  • Race: Zerg Zerg
  • League: Master
  • Spawn Location: 1:00

Event: HomeStory Cup XVIII

VOD

Have the link to the VOD?

Description

Time

  • Played on: Nov. 22, 2018, 4:34 p.m.
  • Length: 3:41

All games in this series

Show
View Real Time Build Order
Export as new Build Order

lIIllllIIlll Terran - Winner!

Build Orders: Cyclone Opening, Gas First Reaper Expand, Reaper Expand 

Get SALT Encoding   

  12  0:00  SCV  
  13  0:12  SCV  
  14  0:17  Supply Depot  
  14  0:24  SCV  
  14  0:28  Refinery  
  15  0:39  SCV  
  16  0:44  Barracks  
  16  0:51  SCV  
  17  1:03  SCV  
  18  1:15  SCV  
  19  1:31  Reaper, Orbital Command  
  20  1:43  Command Center  
  20  1:55  Factory  
  20  1:58  SCV  
  21  2:07  Barracks Reactor  
  21  2:10  SCV  
  21  2:12  Bunker  
  21  2:20  Supply Depot  
  21  2:22  SCV  
  22  2:23  Refinery  
  22  2:34  SCV  
  23  2:38  Factory Tech Lab  
  23  2:44  Supply Depot, Marine x2  
  23  2:46  SCV  
  26  2:56  Cyclone  
  26  2:58  SCV  
  30  3:02  Marine  
  31  3:06  Supply Depot  
  31  3:22  Supply Depot  
Show
View Real Time Build Order
Export as new Build Order

Denver Zerg 

Build Orders: Pool Only, Ravager All-In 

Get SALT Encoding   

  12  0:18  Spawning Pool  
  11  0:21  Drone  
  11  0:26  Drone  
  13  0:31  Drone  
  14  0:36  Extractor  
  14  0:38  Drone  
  14  0:41  Extractor  
  13  0:46  Drone  
  14  0:55  Overlord  
  14  1:09  Roach Warren  
  13  1:14  Drone  
  14  1:25  Overlord  
  14  1:49  Roach x2  
  14  1:51  Roach  
  22  2:01  Roach  
  22  2:12  Ravager x2  
  22  2:14  Roach  
  26  2:23  Ravager  
  26  2:27  Roach  
  29  2:37  Overlord  
  29  2:45  Ravager  
  30  3:10  Roach x2  
  30  3:11  Roach  
  36  3:15  Ravager  
Tags
 
Add a new tag
Caveats
  • Supply blocks, unpowered buildings, or Contaminate may cause inaccurate times.
  • Supply counts are checked every 10 seconds.